TOP OF THE 1ST |
York Revolution batting - Pitching for Chester Pirates : RHP Freddy Mulholland
|
Pitching: RHP Freddy Mulholland
|
|
Batting: LHB Quincy Smart
|
0-0: Called Strike 0-1: Swinging Strike 0-2: Foul Ball, location: 2F 0-2: Ball 1-2: Strikes out swinging
|
Batting: RHB Dan Shaffer
|
0-0: Called Strike 0-1: Ground out 5-3 (Groundball, 5, EV 80.6 MPH)
|
Batting: LHB Mike Hawk
|
0-0: Ball 1-0: Foul Ball, location: 2F 1-1: Fly out, F7 (Flyball, 7S, EV 88.8 MPH)
|
Top of the 1st over - 0 runs, 0 hits, 0 errors, 0 left on base; York 0 - Chester 0 |
BOTTOM OF THE 1ST |
Chester Pirates batting - Pitching for York Revolution : RHP John Kerfoot
|
Pitching: RHP John Kerfoot
|
|
Batting: RHB Edwardo Tanchez
|
0-0: Called Strike 0-1: Swinging Strike 0-2: Foul Ball, location: 2F 0-2: Strikes out swinging
|
Batting: RHB Rafael Galicia
|
0-0: SINGLE (Groundball, 56D, EV 104.4 MPH)
|
Batting: RHB Zach Chmieleski
|
0-0: Ball 1-0: Ball 2-0: Ball 3-0: Base on Balls Rafael Galicia to second
|
Batting: SHB Mike Corley
|
0-0: Ball 1-0: Ball 2-0: Fly out, F7 (Flyball, 78D, EV 98.8 MPH)
|
Batting: RHB Matt Rangel
|
0-0: Foul Ball, location: 2F 0-1: Foul Ball, location: 2F 0-2: Ball 1-2: Ball 2-2: Strikes out swinging
|
Bottom of the 1st over - 0 runs, 1 hit, 0 errors, 2 left on base; York 0 - Chester 0 |
TOP OF THE 2ND |
York Revolution batting - Pitching for Chester Pirates : RHP Freddy Mulholland
|
Batting: RHB Alexis Graciani
|
0-0: Called Strike 0-1: Foul Ball, location: 2F 0-2: Strikes out swinging
|
Batting: LHB Cipto Pakpahan
|
0-0: Ball 1-0: Called Strike 1-1: Swinging Strike 1-2: Fly out, F8 (Flyball, 8LM, EV 79.4 MPH)
|
Batting: RHB Mike Staunton
|
0-0: Called Strike 0-1: Foul Ball, location: 2F 0-2: Fly out, F7 (Line Drive, 7, EV 112.5 MPH)
|
Top of the 2nd over - 0 runs, 0 hits, 0 errors, 0 left on base; York 0 - Chester 0 |
BOTTOM OF THE 2ND |
Chester Pirates batting - Pitching for York Revolution : RHP John Kerfoot
|
Batting: RHB Bob Buckler
|
0-0: Ball 1-0: Called Strike 1-1: Called Strike 1-2: Strikes out looking
|
Batting: SHB Thad Shearing
|
0-0: Ball 1-0: Foul Ball, location: 2F 1-1: Foul Ball, location: 2F 1-2: Strikes out swinging
|
Batting: RHB Joe Stepnowski
|
0-0: Called Strike 0-1: Called Strike 0-2: Ball 1-2: Foul Ball, location: 2F 1-2: Strikes out swinging
|
Bottom of the 2nd over - 0 runs, 0 hits, 0 errors, 0 left on base; York 0 - Chester 0 |
TOP OF THE 3RD |
York Revolution batting - Pitching for Chester Pirates : RHP Freddy Mulholland
|
Batting: RHB Jonathan Steria
|
0-0: Ball 1-0: Called Strike 1-1: Swinging Strike 1-2: Strikes out looking
|
Batting: LHB Skyler Bright
|
0-0: Ball 1-0: Called Strike 1-1: Swinging Strike 1-2: Ball 2-2: Ball 3-2: Ground out U3 (Groundball, 34S, EV 94.4 MPH)
|
Batting: RHB Tim Schell
|
0-0: Called Strike 0-1: Fly out, F5 (Popup, 5L, EV 79.4 MPH)
|
Top of the 3rd over - 0 runs, 0 hits, 0 errors, 0 left on base; York 0 - Chester 0 |
BOTTOM OF THE 3RD |
Chester Pirates batting - Pitching for York Revolution : RHP John Kerfoot
|
Batting: RHB Freddy Mulholland
|
0-0: Ball 1-0: Ball 2-0: Ball 3-0: Base on Balls
|
Batting: RHB Edwardo Tanchez
|
0-0: Ball 1-0: Ball 2-0: Called Strike 2-1: Foul Ball, location: 2F 2-2: Foul Ball, location: 2F 2-2: SINGLE (Groundball, 34S, EV 88.8 MPH) (infield hit) Freddy Mulholland to second
|
Batting: RHB Rafael Galicia
|
0-0: Ball 1-0: Ball 2-0: Swinging Strike 2-1: Ball 3-1: Swinging Strike 3-2: Foul Ball, location: 2F 3-2: Foul Ball, location: 2F 3-2: Strikes out swinging
|
Batting: RHB Zach Chmieleski
|
0-0: Called Strike 0-1: Ball 1-1: Ball 2-1: Called Strike 2-2: Ball 3-2: Hit by Pitch Freddy Mulholland to third Edwardo Tanchez to second
|
Batting: SHB Mike Corley
|
0-0: Foul Ball, location: 2F 0-1: SINGLE (Groundball, 6MS, EV 98.1 MPH) Freddy Mulholland scores Edwardo Tanchez to third Zach Chmieleski to second Runner from 3rd tries for Home, SAFE, throw by CF to home Zach Chmieleski to third Mike Corley to second
|
Batting: RHB Matt Rangel
|
0-0: Ground out 6-3 (Groundball, 6, EV 89.4 MPH) Zach Chmieleski scores Mike Corley to third
|
Batting: RHB Bob Buckler
|
0-0: Foul Ball, location: 2F 0-1: Swinging Strike 0-2: Ball 1-2: Strikes out swinging
|
Bottom of the 3rd over - 3 runs, 2 hits, 0 errors, 1 left on base; York 0 - Chester 3 |
TOP OF THE 4TH |
York Revolution batting - Pitching for Chester Pirates : RHP Freddy Mulholland
|
Batting: LHB Quincy Smart
|
0-0: Fly out, F9 (Flyball, 9LS, EV 86.2 MPH)
|
Batting: RHB Dan Shaffer
|
0-0: Ball 1-0: Ball 2-0: Foul Ball, location: 2F 2-1: SINGLE (Line Drive, 8RS, EV 105.0 MPH)
|
Batting: LHB Mike Hawk
|
0-0: Ball 1-0: Ball 2-0: Ball 3-0: Called Strike 3-1: Swinging Strike 3-2: Foul Ball, location: 2F 3-2: Base on Balls Dan Shaffer to second
|
Batting: RHB Alexis Graciani
|
0-0: Ball 1-0: Ball 2-0: Called Strike 2-1: Foul Ball, location: 2F 2-2: Ball 3-2: Foul Ball, location: 2F 3-2: Base on Balls Dan Shaffer to third Mike Hawk to second
|
Batting: LHB Cipto Pakpahan
|
0-0: Ball 1-0: Ball 2-0: Ball 3-0: Called Strike 3-1: Foul Ball, location: 2F 3-2: Strikes out looking
|
Batting: RHB Mike Staunton
|
0-0: Swinging Strike 0-1: Foul Ball, location: 2F 0-2: Strikes out swinging
|
Top of the 4th over - 0 runs, 1 hit, 0 errors, 3 left on base; York 0 - Chester 3 |
BOTTOM OF THE 4TH |
Chester Pirates batting - Pitching for York Revolution : RHP John Kerfoot
|
Batting: SHB Thad Shearing
|
0-0: Foul Ball, location: 2F 0-1: Ball 1-1: Called Strike 1-2: Foul Ball, location: 2F 1-2: Ball 2-2: Ball 3-2: Strikes out swinging
|
Batting: RHB Joe Stepnowski
|
0-0: Fly out, F6 (Popup, 6S, EV 81.2 MPH)
|
Batting: RHB Freddy Mulholland
|
0-0: Ball 1-0: Ball 2-0: Fly out, F7 (Flyball, 7LS, EV 96.2 MPH)
|
Bottom of the 4th over - 0 runs, 0 hits, 0 errors, 0 left on base; York 0 - Chester 3 |
TOP OF THE 5TH |
York Revolution batting - Pitching for Chester Pirates : RHP Freddy Mulholland
|
Batting: RHB Jonathan Steria
|
0-0: Called Strike 0-1: Ball 1-1: Called Strike 1-2: Foul Ball, location: 2F 1-2: Strikes out looking
|
Batting: LHB Skyler Bright
|
0-0: Ball 1-0: Ball 2-0: Called Strike 2-1: Swinging Strike 2-2: Foul Ball, location: 2F 2-2: Ball 3-2: Strikes out looking
|
Batting: RHB Tim Schell
|
0-0: Ball 1-0: Foul Ball, location: 2F 1-1: Swinging Strike 1-2: Fly out, F9 (Flyball, 9D, EV 95.6 MPH)
|
Top of the 5th over - 0 runs, 0 hits, 0 errors, 0 left on base; York 0 - Chester 3 |
BOTTOM OF THE 5TH |
Chester Pirates batting - Pitching for York Revolution : RHP John Kerfoot
|
Pitching: RHP Ryan Imes
|
|
Batting: RHB Edwardo Tanchez
|
0-0: Called Strike 0-1: Foul Ball, location: 2F 0-2: Ball 1-2: Ball 2-2: SINGLE (Flyball, 8LS, EV 91.2 MPH)
|
Batting: RHB Rafael Galicia
|
0-0: Ball 1-0: Ball 2-0: Fielders Choice at 2nd, 6-4 (Groundball, 56, EV 104.4 MPH)
|
Batting: RHB Zach Chmieleski
|
0-0: Ball Rafael Galicia is caught stealing 2nd base 2-4 1-0: SOLO HOME RUN (Flyball, 9D, EV 96.9 MPH), Distance : 383 ft
|
Batting: SHB Mike Corley
|
0-0: Ground out 4-3 (Groundball, 4, EV 80.0 MPH)
|
Bottom of the 5th over - 1 run, 2 hits, 0 errors, 0 left on base; York 0 - Chester 4 |
TOP OF THE 6TH |
York Revolution batting - Pitching for Chester Pirates : RHP Freddy Mulholland
|
Pitching: RHP Matt D'Alessandro
|
|
Batting: LHB Quincy Smart
|
0-0: Called Strike 0-1: TRIPLE (Flyball, 78XD, EV 94.4 MPH)
|
Batting: RHB Dan Shaffer
|
0-0: Called Strike 0-1: Foul Ball, location: 2F 0-2: Ball 1-2: Strikes out swinging, 2-3 out at first.
|
Batting: LHB Mike Hawk
|
0-0: Called Strike 0-1: Ball 1-1: Foul Ball, location: 2F 1-2: Ball 2-2: Ball 3-2: Strikes out looking
|
Batting: RHB Alexis Graciani
|
0-0: Ball 1-0: Ball 2-0: Foul Ball, location: 2F 2-1: Foul Ball, location: 2F 2-2: Foul Ball, location: 2F 2-2: Ball 3-2: Base on Balls
|
Batting: LHB Cipto Pakpahan
|
0-0: Ball 1-0: Ball 2-0: Foul Ball, location: 2F 2-1: Called Strike 2-2: Strikes out swinging
|
Top of the 6th over - 0 runs, 1 hit, 0 errors, 2 left on base; York 0 - Chester 4 |
BOTTOM OF THE 6TH |
Chester Pirates batting - Pitching for York Revolution : RHP Ryan Imes
|
Batting: RHB Matt Rangel
|
0-0: Reached on error, E6 (Groundball, 6, EV 78.8 MPH)
|
Batting: RHB Bob Buckler
|
0-0: Foul Ball, location: 2F 0-1: Swinging Strike 0-2: Ball 1-2: Ball 2-2: Ball 3-2: Foul Ball, location: 2F 3-2: 2-RUN HOME RUN (Flyball, 9D, EV 99.4 MPH), Distance : 395 ft
|
Batting: SHB Thad Shearing
|
0-0: Ball 1-0: Fly out, F7 (Flyball, 7S, EV 91.2 MPH)
|
Batting: RHB Joe Stepnowski
|
0-0: Ball 1-0: Ball 2-0: Ball 3-0: Called Strike 3-1: Fly out, F6 (Popup, 4MS, EV 87.5 MPH)
|
Batting: LHB Sean Driscoll
|
0-0: Foul Ball, location: 2F 0-1: Fly out, F8 (Flyball, 8RM, EV 83.8 MPH)
|
Bottom of the 6th over - 2 runs, 1 hit, 1 error, 0 left on base; York 0 - Chester 6 |
TOP OF THE 7TH |
York Revolution batting - Pitching for Chester Pirates : RHP Matt D'Alessandro
|
Batting: RHB Mike Staunton
|
0-0: Ball 1-0: Called Strike 1-1: Called Strike 1-2: Fly out, F7 (Flyball, 7D, EV 85.0 MPH)
|
Batting: RHB Jonathan Steria
|
0-0: Swinging Strike 0-1: Ball 1-1: Ball 2-1: Foul Ball, location: 2F 2-2: Foul Ball, location: 2F 2-2: Ball 3-2: Strikes out swinging
|
Batting: LHB Skyler Bright
|
0-0: Called Strike 0-1: Called Strike 0-2: Strikes out swinging
|
Top of the 7th over - 0 runs, 0 hits, 0 errors, 0 left on base; York 0 - Chester 6 |
BOTTOM OF THE 7TH |
Chester Pirates batting - Pitching for York Revolution : RHP Ryan Imes
|
Batting: RHB Edwardo Tanchez
|
0-0: Swinging Strike 0-1: Foul Ball, location: 2F 0-2: Strikes out swinging
|
Batting: RHB Rafael Galicia
|
0-0: Foul Ball, location: 2F 0-1: Foul Ball, location: 2F 0-2: Ball 1-2: Strikes out swinging
|
Batting: RHB Zach Chmieleski
|
0-0: Ball 1-0: Ball 2-0: Called Strike 2-1: Swinging Strike 2-2: Foul Ball, location: 2F 2-2: Ball 3-2: Foul Ball, location: 2F 3-2: SOLO HOME RUN (Flyball, 9D, EV 100.6 MPH), Distance : 393 ft
|
Batting: SHB Mike Corley
|
0-0: Called Strike 0-1: Ball 1-1: Ground out 4-3 (Groundball, 4, EV 89.4 MPH)
|
Bottom of the 7th over - 1 run, 1 hit, 0 errors, 0 left on base; York 0 - Chester 7 |
TOP OF THE 8TH |
York Revolution batting - Pitching for Chester Pirates : RHP Matt D'Alessandro
|
Batting: RHB Tim Schell
|
0-0: Swinging Strike 0-1: Ground out 5-3 (Groundball, 56, EV 103.8 MPH)
|
Batting: LHB Quincy Smart
|
0-0: Ball 1-0: Swinging Strike 1-1: Ball 2-1: Foul Ball, location: 2F 2-2: Foul Ball, location: 2F 2-2: Foul Ball, location: 2F 2-2: Ball 3-2: Base on Balls
|
Pitching: RHP Yong-taek Hoang
|
|
Batting: RHB Dan Shaffer
|
0-0: Ball 1-0: Fly out, F6 (Popup, 4MS, EV 75.6 MPH)
|
Batting: LHB Mike Hawk
|
0-0: Called Strike 0-1: TRIPLE (Line Drive, 7D, EV 107.5 MPH) Quincy Smart scores
|
Batting: RHB Alexis Graciani
|
0-0: Ball 1-0: Foul Ball, location: 2F 1-1: SINGLE (Groundball, 6MD, EV 96.2 MPH) Mike Hawk scores
|
Batting: LHB Cipto Pakpahan
|
0-0: Ball 1-0: Fly out, F9 (Flyball, 9S, EV 85.6 MPH)
|
Top of the 8th over - 2 runs, 2 hits, 0 errors, 1 left on base; York 2 - Chester 7 |
BOTTOM OF THE 8TH |
Chester Pirates batting - Pitching for York Revolution : RHP Ryan Imes
|
Pitching: RHP Edgar Garza
|
|
Batting: RHB Matt Rangel
|
0-0: Foul Ball, location: 2F 0-1: Ball 1-1: Ball 2-1: Ball 3-1: Base on Balls
|
Batting: RHB Bob Buckler
|
0-0: Called Strike 0-1: Called Strike 0-2: Ball 1-2: Ball 2-2: Ball 3-2: Base on Balls Matt Rangel to second
|
Batting: SHB Thad Shearing
|
0-0: Ball 1-0: Foul Ball, location: 2F 1-1: Fly out, F7 (Flyball, 7, EV 96.9 MPH)
|
Batting: RHB Joe Stepnowski
|
0-0: SINGLE (Groundball, 6MD, EV 93.8 MPH) Matt Rangel to third Bob Buckler to second Runner from 3rd tries for Home, SAFE, throw by CF to home
|
Batting: LHB Sean Driscoll
|
0-0: Ball 1-0: Swinging Strike 1-1: Called Strike 1-2: Foul Ball, location: 2F 1-2: Ball 2-2: Grounds into double play, 4-6-3 (Groundball, 4, EV 98.8 MPH)
|
Bottom of the 8th over - 1 run, 1 hit, 0 errors, 1 left on base; York 2 - Chester 8 |
TOP OF THE 9TH |
York Revolution batting - Pitching for Chester Pirates : RHP Yong-taek Hoang
|
Batting: RHB Mike Staunton
|
0-0: Swinging Strike 0-1: Ball 1-1: Ball 2-1: Ball 3-1: Foul Ball, location: 2F 3-2: Strikes out swinging
|
Batting: RHB Jonathan Steria
|
0-0: Foul Ball, location: 2F 0-1: Ball 1-1: Swinging Strike 1-2: Reached on error, E5 (Groundball, 56S, EV 76.9 MPH)
|
Batting: LHB Skyler Bright
|
0-0: Fly out, F8 (Flyball, 89D, EV 100.6 MPH)
|
Pinch Hitting: RHB Josh Jarvis
|
0-0: Ball 1-0: SINGLE (Groundball, 6D, EV 95.6 MPH) Jonathan Steria to second
|
Batting: LHB Quincy Smart
|
0-0: Ball 1-0: Foul Ball, location: 2F 1-1: Foul Ball, location: 2F 1-2: Foul Ball, location: 2F 1-2: Ball 2-2: Ball 3-2: Strikes out looking
|
Top of the 9th over - 0 runs, 1 hit, 1 error, 2 left on base; York 2 - Chester 8 |
|